 Dungeon Crawl Stone Soup version 0.23.0-3-gf3c87f2 (webtiles) character file.

Game seed: 12912011360887928953

125 redwoodhats the Charmwright (level 5, -4/34 HPs)
             Began as a Halfling Skald on Feb 23, 2019.
             Splashed by a jelly's acid (5 damage)
             ... on level 3 of the Dungeon.
             The game lasted 00:11:03 (2663 turns).

redwoodhats the Charmwright (Halfling Skald)        Turns: 2663, Time: 00:11:03

Health: -4/34      AC:  2    Str: 12    XL:     5   Next: 30%
Magic:  7/7        EV: 15    Int: 12    God:
Gold:   203        SH:  0    Dex: 14    Spells: 6/7 levels left

rFire    . . .     SeeInvis .   j - +0 long sword
rCold    . . .     Gourm    .   (shield restricted)
rNeg     . . .     Faith    .   b - +0 leather armour
rPois    .         Spirit   .   (helmet restricted)
rElec    .         Reflect  .   (no cloak)
rCorr    .         Harm     .   (no gloves)
MR       .....                  (no boots)
Stlth    +.........             (no amulet)
HPRegen  0.11/turn              e - +3 ring of protection
MPRegen  0.10/turn              (no ring)

@: corroded
A: small, horns 1, mutation resistance 1
a: no special abilities


You were on level 3 of the Dungeon.
You were not hungry.

You visited 1 branch of the dungeon, and saw 3 of its levels.

You collected 203 gold pieces.

Inventory:

Hand Weapons
 a - a +0 hand axe
 j - a +0 long sword (weapon)
Armour
 b - a +0 leather armour (worn)
Jewellery
 e - a +3 ring of protection (left hand)
Scrolls
 f - a scroll of immolation {unknown}
 g - a scroll of fog {unknown}
 i - a scroll of remove curse
Potions
 c - 2 potions of mutation
 h - a potion of lignification
 k - a potion of curing {unknown}
Comestibles
 d - 3 rations


   Skills:
 + Level 2.1 Fighting
 + Level 3.1 Axes
 + Level 2.4 Armour
 + Level 3.2 Dodging
 + Level 0.2 Stealth
 + Level 1.6 Spellcasting
 + Level 3.9 Charms


You had 6 spell levels left.
You knew the following spells:

 Your Spells              Type           Power        Failure   Level  Hunger
a - Infusion              Chrm           ##..         7%          1    ##.....

Your spell library contained the following spells:

 Spells                   Type           Power        Failure   Level  Hunger
 Song of Slaying          Chrm           ##......     11%         2    ###....
 Shroud of Golubria       Chrm/Tloc      #.........   24%         2    ###....
 Regeneration             Chrm/Necr      #.........   43%         3    ####...
 Spectral Weapon          Hex/Chrm       #.......     43%         3    ####...


Dungeon Overview and Level Annotations

Branches:
Dungeon (3/15)

Altars:
The Shining One


Innate Abilities, Weirdness & Mutations

You are small and have problems with some larger weapons.
You are somewhat resistant to further mutation.
You have a pair of small horns on your head.


Message History

You completely miss the goblin. The goblin barely misses you.
The goblin misses you.
You riposte.
You hit the goblin.
You kill the goblin!
You now have 203 gold pieces (gained 9).
The jelly quivers.
The jelly hits you.
You are splashed with acid!
You hit the jelly.
Your hands burn!
The jelly is lightly wounded.
The jelly barely misses you.
You hit the jelly but do no damage. The acid corrodes you!
Your hands burn!
You headbutt the jelly, but do no damage.
The jelly is lightly wounded.
The jelly hits you but does no damage. The jelly hits you.
You are splashed with acid!
* * * LOW HITPOINT WARNING * * *
You barely miss the jelly.
The jelly is lightly wounded.
The jelly closely misses you.
You hit the jelly.
Your hands burn!
You die...

####### #.....#######
#...........###
#.............#
######........$....###
.........@J....[>.....
........###......#####
.....##.# ####......#
.... #.######......#
.P. #......#......# ..
..#......#......# P
..P#.............#
P...P.............#
....P.............#


You could see a jelly.

Vanquished Creatures
  5 adders (D:2)
  4 worms (D:2)
  A dart slug (D:1)
  A leopard gecko (D:1)
  10 goblins
  6 hobgoblins
  8 jackals
  6 kobolds
  2 quokkas (D:2)
  9 bats
  5 frilled lizards
  6 rats
63 creatures vanquished.

Notes
Turn   | Place    | Note
-------+----------+-------------------------------------------
     0 | D:1      | redwoodhats the Halfling Skald began the quest for the Orb.
     0 | D:1      | Reached XP level 1. HP: 14/14 MP: 3/3
   310 | D:1      | Reached XP level 2. HP: 19/19 MP: 0/4
   616 | D:1      | Reached XP level 3. HP: 20/24 MP: 1/5
  1126 | D:1      | Gained mutation: You have a pair of small horns on your
                  | head. [potion of mutation]
  1254 | D:2      | Found a glowing golden altar of the Shining One.
  1318 | D:2      | Reached XP level 4. HP: 17/29 MP: 2/6
  2006 | D:2      | Reached XP level 5. HP: 19/34 MP: 3/7
  2661 | D:3      | HP: 1/34 [acid (11)]
  2663 | D:3      | Splashed by a jelly's acid

Skill      XL: |  1  2  3  4  5 |
---------------+----------------+-----
Fighting       | 2 |  2.1
Armour         | 2 |  2.4
Dodging        | 3 |  3.2
Axes           | 3 |  3.1
Stealth        | |  0.2
Spellcasting   | |  1.6
Charms         | |  3.9

Action                   |  1- 3 |  4- 6 || total
-------------------------+-------+-------++-------
Melee: Hand axe          |   112 |    75 ||   187
       Headbutt          |     3 |    17 ||    20
       Long sword        |       |    31 ||    31
 Cast: Infusion          |    11 |     5 ||    16
  Use: Potion            |     3 |       ||     3
       Scroll            |     1 |       ||     1
  Eat: Ration            |     1 |     1 ||     2
Armor: Leather armour    |    34 |    38 ||    72
Dodge: Dodged            |   130 |    97 ||   227
       Rpst.: Long sword |       |    12 ||    12
